 Dungeon Crawl Stone Soup version 0.16.0-17-g811c1d7 (webtiles) character file.

213 achirane the Skirmisher (level 5, 0/35 HPs)
             Began as a Deep Elf Fighter on Mar 21, 2015.
             Shot with an arrow by a centaur (13 damage)
             ... on level 6 of the Dungeon.
             The game lasted 00:13:53 (2645 turns).

achirane the Skirmisher (Deep Elf Fighter)          Turns: 2645, Time: 00:13:54

Health: 0/35       AC:  5    Str: 13    XL:     5   Next: 59%
Magic:  10/10      EV:  8    Int: 14    God:
Gold:   97         SH:  8    Dex: 14    Spells: 0 memorised, 4 levels left

rFire  . . .     SeeInvis .     a - +0 trident
rCold  . . .     Clarity  .     j - +0 leather armour
rNeg   . . .     SustAb   .     c - +0 shield
rPois  .         Gourm    .     (no helmet)
rElec  .         Spirit   .     (no cloak)
rCorr  .         Warding  .     (no gloves)
rMut   .         Stasis   .     h - +1 pair of boots
MR     .....                    (no amulet)
Stlth  +.........               (no ring)
                                (no ring)

@: not resistant to hostile enchantments, very unstealthy
A: no striking features
a: no special abilities


You were on level 6 of the Dungeon.
You were hungry.

You visited 1 branch of the dungeon, and saw 4 of its levels.

You collected 97 gold pieces.

Inventory:

Hand weapons
 a - a +0 trident (weapon)
 u - a +0 hunting sling
Missiles
 f - 2 poisoned javelins (quivered)
 i - 18 stones
 r - a javelin
Armour
 b - a +0 scale mail
 c - a +0 shield (worn)
 h - a +1 pair of boots (worn)
 j - a +0 leather armour (worn)
Jewellery
 n - an uncursed amulet of warding {unknown}
Magical devices
 p - a wand of digging (10)
Scrolls
 k - 3 scrolls of identify {unknown}
 l - a scroll of enchant armour {unknown}
 s - a scroll of fear {unknown}
 t - a scroll of teleportation {unknown}
 v - a scroll of brand weapon {unknown}
Potions
 e - 2 potions of might
 q - a potion of poison
Comestibles
 d - 3 bread rations
 g - 2 beef jerkies
 o - a meat ration


   Skills:
 + Level 5.3 Fighting
 - Level 1.3 Polearms
 - Level 2.4 Armour
 - Level 2.4 Shields


You had 4 spell levels left.
You didn't know any spells.

Dungeon Overview and Level Annotations

Branches:
Dungeon (6/15)
 Temple: D:4-7

Altars:
Elyvilon
Fedhas
Nemelex Xobeh
The Shining One

Annotations:
D:2 exclusions: door, oklob plant and 2 more exclusions
D:6 1 runed door


Message History

The centaur shouts!
The centaur wields a shortbow.
The centaur shoots an arrow.
You block the arrow.
Things that are here:
an arrow; a goliath beetle corpse The centaur shoots an arrow.
The arrow hits you!
You see here an arrow.
The centaur shoots an arrow.
The arrow hits you!
You see here an arrow.
Drink which item? (? for menu, Esc to quit)
It was a potion of poison.
That liquid tasted very nasty...
You are lethally poisoned!
* * * LOW HITPOINT WARNING * * *
You feel sick.
The centaur shoots an arrow.
The arrow hits you.
* * * LOW HITPOINT WARNING * * *
Drink which item? (? for menu, Esc to quit)
It was a potion of curing.
You feel better.
The centaur shoots an arrow.
The arrow hits you!
You die...

##### #.....#
#### ##.....#
...##
##......#
....##
#...##..#
###..#
#...###.#
#..#### #..##
#.# ##...#..##
#..# #(#
##..##....#
##..# ..#
#..###....##
#@..# . ..##
#.....##
##...# ..#
#....[###(..##
..#
#..o....c...#
#..#
#..c####o..##
#..# #...#
##### #..#
#.... #.##
#..oo. .##
#....o.#


You could see a centaur and an orc wizard.

Vanquished Creatures
  2 goliath beetles (D:6)
  2 giant frog skeletons (D:6)
  A killer bee zombie (D:6)
  2 adders
  A worm (D:2)
  A giant gecko (D:3)
  An ooze (D:2)
  A giant cockroach (D:2)
  6 goblins
  6 hobgoblins
  3 jackals
  A quokka (D:2)
  A ball python (D:1)
  6 bats
  3 giant newts
  A kobold (D:1)
  12 rats
50 creatures vanquished.

Notes
Turn   | Place    | Note
--------------------------------------------------------------
     0 | D:1      | achirane, the Deep Elf Fighter, began the quest for the Orb.
     0 | D:1      | Reached XP level 1. HP: 13/13 MP: 2/2
   259 | D:1      | Reached XP level 2. HP: 15/18 MP: 4/4
   356 | D:1      | Reached skill level 3 in Fighting
  1144 | D:2      | Reached XP level 3. HP: 23/23 MP: 6/6
  1364 | D:2      | Found a blossoming altar of Fedhas.
  1385 | D:2      | Noticed an oklob plant
  1642 | D:2      | Found a glowing golden altar of the Shining One.
  2000 | D:2      | Found a sparkling altar of Nemelex Xobeh.
  2140 | D:3      | Reached skill level 4 in Fighting
  2163 | D:3      | You fall through a shaft for 3 floors!
  2191 | D:6      | Reached XP level 4. HP: 27/29 MP: 8/8
  2360 | D:6      | Reached XP level 5. HP: 20/34 MP: 10/10
  2486 | D:6      | Found a white marble altar of Elyvilon.
  2486 | D:6      | Found a runed door.
  2486 | D:6      | Noticed an angel
  2595 | D:6      | Reached skill level 5 in Fighting
  2634 | D:6      | Noticed a centaur
  2645 | D:6      | Shot with an arrow by a centaur

Action                   |  1- 3 |  4- 6 || total
-------------------------+-------+-------++-------
Melee: Trident           |   131 |    18 ||   149
 Fire: Hunting sling     |       |     2 ||     2
Throw: Javelin           |    13 |    11 ||    24
       Stone             |     2 |     2 ||     4
  Use: Potion            |       |     2 ||     2
  Eat: Chunk             |     4 |     1 ||     5
